cohdb
Replays
Latest Replays
All Replays
Popular Replays
Top Player Replays
Match Explorer
How It Works
Community
CoH3 Stats
Reddit
Sign in to upload your games and track your stats! →
Sign in with Steam
Match 45775063
Unlisted
Match 45775063
Overview
Messages
Build Orders
End
Vickers Machine Gun Team
Construct Section Command Post
Dingo Light Scout Car
Selects Canadian Shock Battlegroup
Infantry Section
Infantry Section
Construct Platoon Command Post
Selects Attacking Spirit
Selects Canadian Shock Section
Canadian Shock Section
CMP 15cwt Truck
Selects Incendiary Munitions
Construct Company Command Post
Selects Pyrotechnics
Foot Guards Section
Matilda II Heavy Tank
Foot Guards Section
Unlock Towed 17-pounder Anti-tank Guns
Infantry Training
Grumpy
WookieWenis
皇家炮兵桐藤渚
ダメCAKE!!!
trempets
Adult Asthma Is A Choice
Bilibili-木木飞
J1odge
0
0
Comments
sign in to comment!
No comments posted yet!